 Dungeon Crawl Stone Soup version 0.19.0-2-gae57169 (webtiles) character file.

110 NINUZHNO the Changer (level 4, 0/28 HPs)
             Began as an Octopode Transmuter on Nov 6, 2016.
             Slain by a gnoll
             ... wielding a +0 halberd
              (10 damage)
             ... on level 2 of the Dungeon.
             The game lasted 00:03:10 (1857 turns).

NINUZHNO the Changer (Octopode Transmuter)          Turns: 1857, Time: 00:03:11

Health: 0/28       AC:  2    Str:  9    XL:     4   Next: 91%
Magic:  5/7        EV: 19    Int: 16    God:
Gold:   96         SH:  0    Dex: 17    Spells: 3 memorised, 1 level left

rFire  . . .     SeeInvis .       - Unarmed
rCold  . . .     Gourm    .     (shield currently unavailable)
rNeg   . . .     Faith    .     (helmet currently unavailable)
rPois  x         Spirit   .     (no amulet)
rElec  .         Reflect  .     (no ring)
rCorr  .         Harm     .     (no ring)
MR     .....                    (no ring)
Stlth  ++........               (no ring)
                                (no ring)
                                (no ring)
                                (no ring)
                                (no ring)

@: spider-form (expiring)
A: almost no armour, stealthy swim, (amphibious), 8 rings, (constrict 8),
(camouflage 0), (gelatinous body 0)
a: End Transformation


You were on level 2 of the Dungeon.
You were not hungry.
You were a venomous arachnid creature.
You visited 1 branch of the dungeon, and saw 2 of its levels.

You collected 96 gold pieces.

Inventory:

Missiles
 a - 12 arrows
Wands
 f - a wand of acid (7/15)
Scrolls
 d - 2 scrolls of amnesia {unknown}
 e - a scroll of noise {unknown}
 h - 2 scrolls of enchant weapon {unknown}
 j - a scroll of teleportation {unknown}
 o - a scroll of identify {unknown}
Potions
 k - a potion of might {unknown}
 l - 2 potions of haste {unknown}
 m - a potion of lignification {unknown}
Books
 b - a book of Changes

   Spells                             Type                      Level
   a - Beastly Appendage              Transmutation                1
   b - Sticks to Snakes               Transmutation                2
   c - Spider Form                    Transmutation/Poison         3
   d - Ice Form                       Ice/Transmutation            4
   e - Blade Hands                    Transmutation                5
Comestibles
 c - 2 bread rations
 g - 2 meat rations
 i - a slice of pizza
 n - 2 chunks of flesh


   Skills:
 - Level 1.0 Fighting
 - Level 2.0 Dodging
 - Level 3.0 Unarmed Combat
 - Level 2.0 Spellcasting
 + Level 4.4 Transmutations
 * Level 2.0 Poison Magic


You had one spell level left.
You knew the following spells:

 Your Spells              Type           Power        Failure   Level  Hunger
a - Beastly Appendage     Tmut           ###...       14%         1    #......
b - Sticks to Snakes      Tmut           ###.....     21%         2    ###....
c - Spider Form           Tmut/Pois      ##........   36%         3    ###....


Dungeon Overview and Level Annotations

Branches:
Dungeon (2/15)

Altars:
Nemelex Xobeh


Innate Abilities, Weirdness & Mutations

You cannot wear most types of armour.
You are very stealthy in the water. (Stealth+)
((You are amphibious.))
You can wear up to eight rings at the same time.
((You can use your tentacles to constrict eight enemies at once.))
((Your skin changes colour to match your surroundings (Stealth+).))
((Your rubbery body absorbs attacks. (AC +1, EV +1)))


Message History

The kobold is severely wounded.
Your transformation is almost over.
You kill the kobold!
The bat completely misses you. The gnoll barely misses you.
The gnoll completely misses you. The bat completely misses you.
The gnoll closely misses you. The gnoll hits you with a spear.
The bat closely misses you.
You hit the gnoll.
The gnoll is poisoned.
The gnoll is moderately wounded.
The bat misses you. The gnoll misses you. The gnoll closely misses you.
You bite the gnoll!
The gnoll is poisoned.
The gnoll is heavily wounded.
The bat completely misses you. The gnoll misses you.
You barely miss the gnoll.
The gnoll is moderately wounded.
You kill the gnoll!
Your Poison Magic skill increases to level 2!
The bat misses you. The gnoll hits you with a halberd!
You die...

# #. ....#...#
..##.#..#...#.
..<...#...#...#.
##.##....#...#...#
.......#...#...#..
#.##...[#...#...#
####. #.##..#..)#...#
..... ##.###...#†b.#
.#.# #...##.#$sg#...#
.#.#
#.).###..#g..#J..#
.#.### #...#
###..#...#.. .....#
#.>.# ##..#....
.###.###...######.##.
##
..#..............##
##
..................#
..#.............##.#
####.#.#...#.##.#


You could see 2 gnolls and a bat.

Vanquished Creatures
  2 gnolls (D:2)
  An adder (D:2)
  An ooze (D:1)
  2 worms (D:2)
  4 dart slugs
  2 leopard geckos (D:1)
  4 giant cockroaches
  4 goblins
  8 hobgoblins
  2 jackals (D:1)
  4 kobolds
  A ball python (D:2)
  6 bats
  16 frilled lizards
  7 rats
64 creatures vanquished.

Notes
Turn   | Place    | Note
-------+----------+-------------------------------------------
     0 | D:1      | NINUZHNO the Octopode Transmuter began the quest for the Orb.
     0 | D:1      | Reached XP level 1. HP: 13/13 MP: 3/3
    91 | D:1      | Reached XP level 2. HP: 11/18 MP: 5/5
   207 | D:1      | Learned a level 2 spell: Sticks to Snakes
   240 | D:1      | Reached skill level 3 in Transmutations
   414 | D:1      | Reached XP level 3. HP: 22/23 MP: 6/6
   649 | D:1      | Learned a level 3 spell: Spider Form
   858 | D:1      | Reached skill level 4 in Transmutations
  1135 | D:1      | Reached XP level 4. HP: 27/28 MP: 7/7
  1408 | D:2      | Reached skill level 1 in Poison Magic
  1724 | D:2      | Found a sparkling altar of Nemelex Xobeh.
  1857 | D:2      | Slain by a gnoll

Skill      XL: |  1  2  3  4 |
---------------+-------------+-----
Transmutations | 3 4 |  4.4
Poison Magic   | 2 |  2.0
Fighting       | |  1.0
Dodging        | |  2.0
Unarmed Combat | |  3.0
Spellcasting   | |  2.0

Action                   |  1- 3 |  4- 6 || total
-------------------------+-------+-------++-------
Melee: Unarmed           |    93 |    48 ||   141
       Constrict         |    22 |    12 ||    34
       Tentacles         |    14 |     3 ||    17
       Punch             |     1 |       ||     1
 Cast: Spider Form       |       |     1 ||     1
 Stab: Sleeping          |     2 |       ||     2
       Distracted        |     1 |       ||     1
  Eat: Chunk             |     1 |     2 ||     3
Armor: Skin              |    11 |     5 ||    16
Dodge: Dodged            |    48 |    41 ||    89
